 Dungeon Crawl Stone Soup version 0.29-a0-96-g93358da72b (webtiles) character file.

Game seed: 2891377553825151857

104094 enile the Eclecticist (level 16, -5/138 HPs)
             Began as a Djinni Fire Elementalist on Feb 12, 2022.
             Was the Champion of Jiyva.
             Slain by Louise (17 damage)
             ... on level 15 of the Dungeon.
             The game lasted 01:06:22 (22158 turns).

enile the Eclecticist (Djinni Fire Elementalist)   Turns: 22158, Time: 01:06:23

Health: -5/138     AC: 17    Str:  9    XL:     16   Next: 91%
Gold:   422        EV: 18    Int: 29    God:    Jiyva [******] SH:  4 Dex: 20

rFire   + + +      SeeInvis .   E - +5 double sword of Wiutubuhyn {vorpal, Str+2}
rCold   . . .      Faith    .   (no shield)
rNeg    + + +      Spirit   .   M - +2 robe {rC+}
rPois   ∞          Reflect  .   h - +2 hat
rElec   .          Harm     .   c - +2 cloak
rCorr   +          Rampage  .   (no gloves)
Will    +....                   (boots unavailable)
Stlth   +++.......              T - amulet "Jinoad" {RegenMP Fly rF+ rN+++ Slay-5}
HPRegen 1.93/turn               A - +6 ring of intelligence
MPRegen 0.00/turn               K - ring of wizardry

@: flying
A: sickness immunity, fire resistance 2, cold vulnerability 1, float, innate
caster, HP casting, extra vitality 1, claws 1, iridescent scales 3, large bone
plates 1, agile 2, mutation resistance 1, robust 1, acidic bite, eyeballs 1,
gelatinous body 2, tendrils, MP-powered wands, engulf
a: Renounce Religion, Oozemancy, Slimify


You were on level 15 of the Dungeon.
You worshipped Jiyva.
Jiyva was exalted by your worship.
You visited 3 branches of the dungeon, and saw 23 of its levels.
You visited 1 bazaar.
You also visited: Bailey, Ice Cave and Volcano.

You collected 1973 gold pieces.
You spent 1551 gold pieces at shops.

Inventory:

Hand Weapons
 t - a +1 bardiche
 w - a +4 falchion of electrocution
 E - the +5 double sword of Wiutubuhyn (weapon) {vorpal, Str+2}
   (You found it on level 8 of the Dungeon)

   It inflicts extra damage upon your enemies.
   Str:       It affects your strength (+2).
 J - the +3 mace of Evisceration {flame, rC+}
   (You found it on level 9 of the Dungeon)

   It burns those it strikes, dealing additional fire damage.
   rC:        It protects you from cold.
 L - a +2 double sword
 X - a +2 great mace of protection
 Y - a +3 falchion of holy wrath
Armour
 c - a +2 cloak (worn)
 g - a +0 troll leather armour
 h - a +2 hat (worn)
 q - a +1 robe of willpower
 r - the +1 robe of Luffak {-Tele rN++ Dex+2 Stlth+}
   (You found it on level 4 of the Dungeon)

   Dex:       It affects your dexterity (+2).
   rN:        It greatly protects you from negative energy.
   -Tele:     It prevents most forms of teleportation.
   Stlth:     It makes you more stealthy.
 B - +1 steam dragon scales
 M - a +2 robe of cold resistance (worn)
 O - the +1 steam dragon scales of the Lizard {-Tele rCorr Dex+4}
   (You found it on level 11 of the Dungeon)

   Dex:       It affects your dexterity (+4).
   -Tele:     It prevents most forms of teleportation.
   rCorr:     It protects you from acid and corrosion.
 R - the +1 leather armour of Tygox {rElec Will- Regen+ Int+7 Stlth+}
   (You found it on level 1 of the Lair of Beasts)

   Int:       It affects your intelligence (+7).
   rElec:     It insulates you from electricity.
   Regen:     It increases your rate of health regeneration.
   Will:      It decreases your willpower.
   Stlth:     It makes you more stealthy.
 S - an orb of guile
Magical Staves
 N - a staff of cold
Jewellery
 y - a +6 ring of dexterity
 A - a +6 ring of intelligence (left claw)
 D - the ring of Wokloam {*Corrode rN+ Will- Int+5 Dex+8}
   (You found it in an ice cave)

   [ring of positive energy]

   Int:       It affects your intelligence (+5).
   Dex:       It affects your dexterity (+8).
   rN:        It protects you from negative energy.
   *Corrode:  It may corrode you when you take damage.
   Will:      It decreases your willpower.
 I - an amulet of the acrobat
 K - a ring of wizardry (right claw)
 T - the amulet "Jinoad" (around neck) {RegenMP Fly rF+ rN+++ Slay-5}
   (You found it on level 1 of the Lair of Beasts)

   [amulet of magic regeneration]

   It increases your rate of magic regeneration.
   Slay:      It affects your accuracy & damage with ranged weapons and melee
   (-5).
   rF:        It protects you from fire.
   rN:        It renders you almost immune to negative energy.
   Fly:       It grants you flight.
 U - an amulet of regeneration
Wands
 o - a wand of digging (6)
 s - a wand of charming (5) (quivered)
 v - a wand of iceblast (15)
 G - a wand of acid (7)
Scrolls
 a - 4 scrolls of fog
 b - 6 scrolls of amnesia
 d - 4 scrolls of silence
 k - a scroll of noise
 l - 2 scrolls of fear
 n - 3 scrolls of teleportation
 x - a scroll of holy word
 C - a scroll of enchant weapon
 P - a scroll of immolation
 W - a scroll of vulnerability
Potions
 e - 3 potions of might
 f - 5 potions of mutation
 i - 4 potions of flight
 p - 4 potions of haste
 u - 4 potions of attraction
 z - 2 potions of invisibility {unknown}
 F - 2 potions of berserk rage {unknown}
 H - 8 potions of curing {unknown}
 Q - 4 potions of heal wounds {unknown}
 V - a potion of brilliance {unknown}
Miscellaneous
 j - a phial of floods
 m - a tin of tremorstones (1/2)
 Z - a condenser vane


   Skills:
 - Level 15.0 Fighting
 - Level 2.0 Long Blades
 + Level 3.0 Armour
 - Level 7.0 Dodging
 - Level 4.0 Stealth
 - Level 1.0 Unarmed Combat
 - Level 17.0 Spellcasting
 - Level 9.0 Evocations


You had 11 spell levels left.
You knew the following spells:

 Your Spells              Type           Power      Damage    Failure   Level
a - Foxfire               Conj/Fire      100%       2x1d9     0%          1
b - Scorch                Fire           100%       2d10      0%          2
c - Conjure Flame         Conj/Fire      89%        6-21      0%          3
d - Inner Flame           Hex/Fire       89%        N/A       0%          3
e - Flame Wave            Conj/Fire      89%        2d15      0%          4
f - Sting                 Tmut/Pois      100%       1d8       0%          1
g - Blink                 Tloc           100%       N/A       0%          2
h - Ignite Poison         Fire/Tmut/Pois 89%        N/A       0%          3
i - Teleport Other        Tloc           89%        N/A       0%          3
j - Freezing Cloud        Conj/Ice/Air   44%        6-21      1%          5
k - Blade Hands           Tmut           44%        N/A       1%          5
l - Iron Shot             Conj/Erth      44%        9d9       1%          6
Your spell library was empty.

Dungeon Overview and Level Annotations

Branches:
Dungeon (15/15)            Temple (0/1) D:5            Lair (6/6) D:10
 Shoals (0/4) Lair:3       Spider (0/4) Lair:3        Slime (0/5) Lair:5
    Orc (2/2) D:12            Elf (0/3) Orc:2        Vaults (0/5) D:14
 Bailey (visited)           IceCv (visited)         Volcano (visited)
 Depths: D:15

Altars:
Cheibriados
Wu Jian
Beogh
Jiyva

Shops:
D:1 !   D:9 *   D:10 =   Orc:2 !([*

Annotations:
D:4 1 runed translucent door, siradein's ghost, amateur DrTm
D:6 2 transporters
D:11 exclusions: ice statue and orange crystal statue
D:12 noodleboyJ's ghost, journeyman DrMo
D:15 Louise


Innate Abilities, Weirdness & Mutations

You are immune to sickness and miasma.
You are immune to poison.
Your flesh is very heat resistant. (rF++)
You are vulnerable to cold. (rC-)
You float through the air rather than walking.
You learn spells naturally, not from books.
Your magical power is your life essence.
You have superior vitality. (+4 MHP)
You have sharp fingernails.
You are completely covered in iridescent scales. (AC +6)
You are partially covered in large bone plates. (SH +4)
You are very agile. (Dex +4)
You are somewhat resistant to further mutation.
You are robust. (+10% HP)
You have acidic saliva.
Your body has grown eyes which may confuse attackers. (Acc +3)
Your pliable body absorbs attacks. (AC +2, EV +2)
You are covered in slimy tendrils that may disarm your opponents.
You expend health (3 HP) to strengthen your wands.
Your melee attacks may engulf your foes in ooze.


Message History

Aim: Louise, wielding a +3 morningstar of protection, wearing a +0 chain mail and wearing a +0 tower shield (almost dead, 89% to hit)
The iron shot misses Louise.
* * * LOW HITPOINT WARNING * * *
Louise barely misses you.
Casting: Iron Shot (mildly dangerous; 1% risk of failure)
Confirm with . or Enter, or press ? or * to list all spells.
Aiming: Iron Shot (mildly dangerous; 1% risk of failure)
Press: ? - help, Shift-Dir - straight line, f/p - Louise
Aim: Louise, wielding a +3 morningstar of protection, wearing a +0 chain mail and wearing a +0 tower shield (almost dead, 89% to hit)
Louise blocks the iron shot.
* * * LOW HITPOINT WARNING * * *
Louise hits you with a +3 morningstar of protection!
* * * LOW HITPOINT WARNING * * *
Press: ? - help, v - describe, . - travel
Here: Louise, wielding a +3 morningstar of protection, wearing a +0 chain mail and wearing a +0 tower shield (almost dead)
The floor.
Casting: Iron Shot (mildly dangerous; 1% risk of failure)
Confirm with . or Enter, or press ? or * to list all spells.
You blink.
* * * LOW HITPOINT WARNING * * *
Casting: Blink (safe; 0% risk of failure)
Confirm with . or Enter, or press ? or * to list all spells.
Aiming: Teleport Other (safe; 0% risk of failure)
Press: ? - help, Shift-Dir - straight line, f/p - Louise
Aim: Louise, wielding a +3 morningstar of protection, wearing a +0 chain mail and wearing a +0 tower shield (almost dead, chance to affect: 50%) Louise looks slightly unstable.
* * * LOW HITPOINT WARNING * * *
Casting: Teleport Other (safe; 0% risk of failure)
Confirm with . or Enter, or press ? or * to list all spells.
Okay, then.
The tremorstone explodes into fragments!
The burst of rock shards engulfs Louise but does no damage. x2
The burst of rock shards engulfs you but does no damage.
The burst of rock shards engulfs Louise but does no damage.
The burst of rock shards engulfs you!
* * * LOW HITPOINT WARNING * * *
The burst of rock shards engulfs Louise but does no damage.
You hear a shout! x2
Louise hits you with a +3 morningstar of protection!
You die...

#.#####..#...#
#.# #....#.#
#.# #..###.#
#.# ##### #.#
#.###... #.#
#.##... ###
#)#..# #
#.#..# #
#.'@@# ######
# ###..#
#....# # #..#
####.# # ##...
#####.## #
##... #......#
# #####
#####..### #.#
#....J #.#
##.###
#.########....


You could see Louise.

Vanquished Creatures
  Jorgrun (D:15)
  Frances (D:14)
  Roxanne (D:15)
  A draconian knight (IceCv)
  5 white draconians (IceCv)
  Snorg (Lair:5)
  4 vault guards (D:14)
  A rakshasa (D:12)
  12 hydras
  4 boulder beetles
  A catoblepas (Lair:6)
  Erica (Orc:1)
  2 ogre magi (Orc:2)
  5 centaur warriors
  4 death yaks (Lair:4)
  8 two-headed ogres (Orc:2)
  Nergalle (Lair:3)
  A deep elf knight (D:14)
  An orange crystal statue (IceCv)
  2 deep trolls (Orc:2)
  3 lindwurms
  A spriggan simulacrum (D:15)
  3 wolf spider zombies (D:15)
  2 wizards
  2 orc knights
  2 orc sorcerers (Orc:1)
  2 manticores (D:15)
  10 ugly things
  4 cyclopes
  5 black mambas
  9 elephants
  2 gargoyles
  16 cane toads
  2 molten gargoyles (Volcano)
  A torpor snail (Lair:5)
  6 storm dragon simulacra (IceCv)
  9 komodo dragons
  An unseen horror (D:12)
  3 rime drakes
  An efreet (Volcano)
  2 yaktaurs (D:15)
  2 entropy weaver simulacra (D:15)
  2 tengu conjurers
  2 golden dragon simulacra (IceCv)
  16 trolls
  3 polar bears
  3 hornets (Lair:6)
  12 dream sheep
  A culicivora (shapeshifter) (D:10)
  2 centaur simulacra
  Sigmund (D:6)
  A culicivora (Lair:3)
  10 wyverns
  3 wraiths
  13 spriggans
  5 basilisks
  45 yaks
  5 fire bats (Volcano)
  3 steam dragons
  5 fire elementals
  A harpy simulacrum (D:15)
  2 vampire mosquitoes (D:12)
  Edmund (D:6)
  3 wargs (Orc:2)
  An acid dragon (D:13)
  13 water moccasins
  5 hell hounds (D:12)
  4 black bears
  5 ice dragon simulacra (IceCv)
  A necrophage (D:3)
  15 orc warriors
  An alligator simulacrum (D:15)
  37 wolves
  5 boggarts (Lair:6)
  17 ogres
  14 centaurs
  A phantom (D:6)
  16 bullfrogs
  2 deep troll simulacra (D:15)
  Blork the orc (D:6)
  A gnoll sergeant (D:5)
  A scorpion (D:5)
  A wyvern zombie (D:6)
  9 lindwurm simulacra
  9 wights (D:10)
  2 electric eels (Lair:1)
  3 centaur zombies
  6 lava snakes (Volcano)
  3 hounds
  3 jellies
  6 orc priests
  2 bullfrog skeletons
  A gnoll shaman (D:8)
  A centaur skeleton (D:5)
  3 iguanas (D:5)
  7 orc wizards
  3 hell rats (Lair:4)
  A killer bee zombie (D:8)
  2 hound zombies (D:5)
  A hound skeleton (D:5)
  13 gnolls
  7 adders
  3 worms
  2 dart slugs (D:1)
  51 orcs
  11 ball pythons
  3 endoplasms
  A giant cockroach (D:1)
  10 goblins
  6 hobgoblins
  2 jackals (D:3)
  A quokka (D:2)
  4 bats
  2 frilled lizards (D:1)
  A kobold (D:1)
  6 rats
  A bush (Lair:6)
  2 foxfires (Lair:3)
613 creatures vanquished.

Vanquished Creatures (collateral kills)
  Rupert (Lair:4)
  Azrael (D:12)
  Fannar (D:11)
  A catoblepas (Lair:5)
  A death yak (Lair:4)
  A spriggan simulacrum (D:15)
  2 komodo dragons
  A yak (D:10)
  2 orc warriors (Bailey)
  An orc (Bailey)
  9 foxfires
21 creatures vanquished.

Vanquished Creatures (others)
  A centaur warrior (D:15)
  Urug (D:11)
  A cyclops (D:12)
  2 gargoyles (D:12)
  3 yaktaurs (D:15)
  8 slime creatures
  2 yaks (D:5)
  A fire elemental (Volcano)
  A vampire mosquito (D:12)
  A water moccasin (shapeshifter) (D:15)
  A water moccasin (D:7)
  An orc warrior (Bailey)
  4 black bears
  5 centaurs (D:12)
  An ogre (D:4)
  3 wolves (Lair:6)
  2 bullfrogs
  A wyvern zombie (D:7)
  3 killer bees (D:5)
  A howler monkey (D:6)
  99 jellies
  A centaur zombie (D:8)
  A gnoll shaman (D:4)
  A hell rat (Lair:4)
  A howler monkey zombie (D:10)
  2 gnolls (D:5)
  An adder (D:4)
  7 orcs
  An endoplasm (D:3)
  A giant cockroach (D:4)
  2 goblins
  A hobgoblin (D:4)
  A kobold (D:4)
  1114 foxfires
  104 fungi
  150 plants
1530 creatures vanquished.

Grand Total: 2164 creatures vanquished

Notes
Turn   | Place    | Note
-------+----------+-------------------------------------------
     0 | D:1      | enile the Djinni Fire Elementalist began the quest for the
                  | Orb.
     0 | D:1      | Reached XP level 1. HP: 15/15 MP: 0/0
    43 | D:1      | Found Zyduz's Distillery.
   166 | D:1      | Reached skill level 1 in Fighting
   376 | D:1      | Reached XP level 2. HP: 18/22 MP: 0/0
  1361 | D:1      | Reached XP level 3. HP: 28/29 MP: 0/0
  1361 | D:1      | Learned a level 1 spell: Sting
  2106 | D:2      | Noticed a golden eye
  2108 | D:2      | Found a faded altar of an unknown god.
  2115 | D:2      | Noticed a great orb of eyes
  2115 | D:2      | Noticed an eye of devastation
  2115 | D:2      | Noticed a golden eye
  2121 | D:2      | Reached XP level 4. HP: 34/35 MP: 0/0
  2123 | D:2      | Prayed at the altar of an unknown god.
  2123 | D:2      | Became a worshipper of Jiyva Jelo the Shapeless
  2123 | D:2      | Reached * piety under Jiyva
  2454 | D:3      | Noticed a necrophage
  2461 | D:3      | Killed a necrophage
  2462 | D:3      | Reached skill level 3 in Spellcasting
  2462 | D:3      | Reached XP level 5. HP: 40/41 MP: 0/0
  2462 | D:3      | Learned a level 2 spell: Blink
  2549 | D:3      | Reached ** piety under Jiyva
  2974 | D:3      | Found a snail-covered altar of Cheibriados.
  3298 | D:4      | Identified the +1 robe of Luffak {-Tele rN++ Dex+2 Stlth+}
  3308 | D:4      | Found a runed translucent door.
  3337 | D:4      | Reached *** piety under Jiyva
  3362 | D:4      | Reached XP level 6. HP: 34/47 MP: 0/0
  3478 | D:4      | Gained mutation: You passively map a small area around you.
                  | [Jiyva's grace]
  3478 | D:4      | Gained mutation: You passively map the area around you.
                  | [Jiyva's grace]
  3478 | D:4      | Gained mutation: You passively map a large area around you.
                  | [Jiyva's grace]
  3478 | D:4      | Gained mutation: Your muscles are strong. (Str +2) [Jiyva's
                  | grace]
  3508 | D:4      | Killed a black bear
  3828 | D:4      | Noticed siradein's ghost (amateur DrTm)
  3986 | D:5      | Entered Level 5 of the Dungeon
  3986 | D:5      | Noticed an ogre
  4004 | D:4      | Killed an ogre
  4074 | D:5      | Reached skill level 4 in Spellcasting
  4091 | D:5      | Found a staircase to the Ecumenical Temple.
  4102 | D:5      | Reached **** piety under Jiyva
  4337 | D:5      | Reached XP level 7. HP: 51/52 MP: 0/0
  4337 | D:5      | Learned a level 3 spell: Ignite Poison
  4355 | D:5      | Killed a yak
  4451 | D:5      | Reached skill level 5 in Spellcasting
  4463 | D:5      | Killed a yak
  4497 | D:5      | Noticed a yak
  4499 | D:5      | Noticed a yak
  4501 | D:5      | Noticed a yak
  4506 | D:5      | Killed a yak
  4507 | D:5      | Reached skill level 5 in Fighting
  4541 | D:5      | Killed a yak
  4542 | D:5      | Reached XP level 8. HP: 39/61 MP: 0/0
  4576 | D:5      | Killed a yak
  5046 | D:6      | Reached skill level 6 in Spellcasting
  5081 | D:6      | Found a transporter.
  5111 | D:6      | Noticed Edmund
  5140 | D:6      | Killed Edmund
  5225 | D:6      | Reached ***** piety under Jiyva
  5225 | D:6      | Lost mutation: You passively map a large area around you.
                  | [Jiyva's grace]
  5225 | D:6      | Gained mutation: You are agile. (Dex +2) [Jiyva's grace]
  5225 | D:6      | Gained mutation: You are very agile. (Dex +4) [Jiyva's
                  | grace]
  5225 | D:6      | Gained mutation: You expend health (3 HP) to strengthen
                  | your wands. [Jiyva's grace]
  5225 | D:6      | Gained mutation: You have very sharp teeth. [Jiyva's grace]
  5388 | D:6      | Noticed Sigmund
  5398 | D:6      | Killed Sigmund
  5399 | D:6      | Reached XP level 9. HP: 68/68 MP: 0/0
  5399 | D:6      | Learned a level 3 spell: Teleport Other
  5410 | D:6      | Found a transporter.
  5558 | D:6      | Noticed Blork the orc
  5578 | D:6      | Killed Blork the orc
  5705 | D:6      | Reached skill level 7 in Spellcasting
  6154 | D:7      | Reached skill level 8 in Spellcasting
  6538 | D:8      | Reached XP level 10. HP: 26/76 MP: 0/0
  6810 | D:8      | Identified the +5 double sword of Wiutubuhyn {vorpal,
                  | Str+2}
  7439 | D:9      | Found Rysu's Serpentskin Sales.
  7563 | D:9      | Reached skill level 9 in Spellcasting
  7573 | D:9      | Reached skill level 1 in Evocations
  7640 | D:9      | Identified the +3 mace of Evisceration {flame, rC+}
  7644 | D:9      | Found a flagged portal.
  7658 | Bailey   | Entered a bailey
  7834 | Bailey   | Noticed an orc knight
  7858 | Bailey   | Killed an orc knight
  7994 | D:9      | Lost mutation: You passively map the area around you.
                  | [Jiyva's grace]
  7994 | D:9      | Lost mutation: You expend health (3 HP) to strengthen your
                  | wands. [Jiyva's grace]
  7994 | D:9      | Gained mutation: Your melee attacks may engulf your foes in
                  | ooze. [Jiyva's grace]
  7994 | D:9      | Gained mutation: You are covered in fur. (AC +1) [Jiyva's
                  | grace]
  7994 | D:9      | Gained mutation: You are covered in thick fur. (AC +2)
                  | [Jiyva's grace]
  7994 | D:9      | Gained mutation: Your thick and shaggy fur keeps you warm.
                  | (AC +3, rC+) [Jiyva's grace]
  8039 | D:9      | Reached skill level 5 in Evocations
  8067 | D:9      | Reached ****** piety under Jiyva
  8295 | D:10     | Entered Level 10 of the Dungeon
  8313 | D:10     | You are sucked into a shaft and drop 2 floors!
  8313 | D:12     | Noticed a cyclops
  8313 | D:12     | Noticed a centaur warrior
  8313 | D:12     | Found a runed translucent door.
  8314 | D:12     | Noticed a gargoyle
  8315 | D:12     | Noticed a gargoyle
  8321 | D:11     | Noticed a komodo dragon
  8346 | D:10     | Killed a komodo dragon
  8371 | D:10     | Reached XP level 11. HP: 81/81 MP: 0/0
  8371 | D:10     | Learned a level 5 spell: Freezing Cloud
  8678 | D:10     | Reached skill level 10 in Spellcasting
  8908 | D:10     | Found a staircase to the Lair.
  8947 | D:10     | Found Igoitofu's Jewellery Shop.
  8983 | D:10     | Lost mutation: You passively map a small area around you.
                  | [Jiyva's grace]
  8983 | D:10     | Lost mutation: Your muscles are strong. (Str +2) [Jiyva's
                  | grace]
  8983 | D:10     | Gained mutation: You are covered in slimy tendrils that may
                  | disarm your opponents. [Jiyva's grace]
  8983 | D:10     | Gained mutation: You are somewhat resistant to further
                  | mutation. [Jiyva's grace]
  8983 | D:10     | Gained mutation: You are somewhat resistant to both further
                  | mutation and mutation removal. [Jiyva's grace]
  8983 | D:10     | Gained mutation: You are almost entirely resistant to
                  | further mutation and mutation removal. [Jiyva's grace]
  8993 | D:10     | Noticed an eight-headed hydra
  8999 | D:10     | Killed an eight-headed hydra
  9018 | D:10     | Found the +1 robe of Vines {NoPotionHeal Regen++++}
  9225 | D:11     | Noticed Fannar
  9238 | D:10     | Reached skill level 11 in Spellcasting
  9280 | D:11     | Noticed Urug
  9291 | D:11     | Killed Urug
  9299 | D:11     | Killed Fannar
  9373 | D:11     | Identified the +1 steam dragon scales of the Lizard {-Tele
                  | rCorr Dex+4}
  9708 | D:11     | Noticed an orange crystal statue
  9767 | Lair:1   | Entered Level 1 of the Lair of Beasts
  9839 | Lair:1   | Reached XP level 12. HP: 89/89 MP: 0/0
 10013 | Lair:1   | Identified the +1 leather armour of Tygox {rElec Will-
                  | Regen+ Int+7 Stlth+}
 10204 | Lair:1   | Noticed a four-headed hydra
 10206 | Lair:1   | Reached skill level 12 in Spellcasting
 10214 | Lair:1   | Killed a four-headed hydra
 10230 | Lair:1   | Reached skill level 10 in Fighting
 10265 | Lair:1   | Identified the amulet "Jinoad" {RegenMP Fly rF+ rN+++
                  | Slay-5}
 10932 | Lair:2   | Lost mutation: You are very agile. (Dex +4) [Jiyva's grace]
 10932 | Lair:2   | Lost mutation: Your thick and shaggy fur keeps you warm.
                  | (AC +3, rC+) [Jiyva's grace]
 10932 | Lair:2   | Lost mutation: You are covered in slimy tendrils that may
                  | disarm your opponents. [Jiyva's grace]
 10932 | Lair:2   | Lost mutation: Your melee attacks may engulf your foes in
                  | ooze. [Jiyva's grace]
 10932 | Lair:2   | Gained mutation: You have a small jelly attached to you
                  | that senses nearby items. [Jiyva's grace]
 10932 | Lair:2   | Gained mutation: You expend health (3 HP) to strengthen
                  | your wands. [Jiyva's grace]
 10932 | Lair:2   | Gained mutation: Your body has grown eyes which may confuse
                  | attackers. (Acc +3) [Jiyva's grace]
 10932 | Lair:2   | Gained mutation: Your body has grown many eyes which may
                  | confuse attackers. (Acc +5) [Jiyva's grace]
 11849 | Lair:3   | Noticed a six-headed hydra
 11877 | Lair:3   | Killed a seven-headed hydra
 11950 | Lair:3   | Noticed Nergalle
 11967 | Lair:3   | Reached XP level 13. HP: 70/99 MP: 0/0
 11967 | Lair:3   | Learned a level 5 spell: Blade Hands
 11975 | Lair:3   | Killed Nergalle
 12130 | Lair:3   | Reached skill level 13 in Spellcasting
 12131 | Lair:3   | Found a staircase to the Shoals.
 12171 | Lair:3   | Noticed a six-headed hydra
 12183 | Lair:3   | Killed a six-headed hydra
 12520 | Lair:3   | Found a hole to the Spider Nest.
 12673 | Lair:4   | Noticed a four-headed hydra
 12678 | Lair:4   | Killed a four-headed hydra
 12699 | Lair:4   | Gained mutation: Your thick and shaggy fur keeps you warm.
                  | (AC +3, rC+) [Jiyva's grace]
 12699 | Lair:4   | Gained mutation: You are very agile. (Dex +4) [Jiyva's
                  | grace]
 12699 | Lair:4   | Gained mutation: You are robust. (+10% HP) [Jiyva's grace]
 12699 | Lair:4   | Gained mutation: You are very robust. (+20% HP) [Jiyva's
                  | grace]
 12806 | Lair:4   | Reached skill level 14 in Spellcasting
 12824 | Lair:4   | Noticed a six-headed hydra
 12844 | Lair:4   | Killed a six-headed hydra
 13101 | Lair:4   | Noticed Rupert
 13499 | Lair:4   | Killed Rupert
 13500 | Lair:4   | Reached XP level 14. HP: 92/128 MP: 0/0
 13511 | Lair:4   | Reached skill level 1 in Long Blades
 13768 | Lair:5   | Noticed Snorg
 13792 | Lair:5   | Killed Snorg
 13895 | Lair:5   | Found a staircase to the Slime Pits.
 13895 | Lair:5   | Found a viscous altar of Jiyva.
 14648 | Lair:6   | Entered Level 6 of the Lair of Beasts
 14840 | Lair:6   | Reached skill level 15 in Spellcasting
 15115 | Lair:6   | Found a dark tunnel.
 15117 | Lair:6   | Lost mutation: You are almost entirely resistant to further
                  | mutation and mutation removal. [Jiyva's grace]
 15117 | Lair:6   | Lost mutation: Your thick and shaggy fur keeps you warm.
                  | (AC +3, rC+) [Jiyva's grace]
 15117 | Lair:6   | Lost mutation: You are covered in thick fur. (AC +2)
                  | [Jiyva's grace]
 15117 | Lair:6   | Gained mutation: Your melee attacks may engulf your foes in
                  | ooze. [Jiyva's grace]
 15117 | Lair:6   | Gained mutation: Your rubbery body absorbs attacks. (AC +1,
                  | EV +1) [Jiyva's grace]
 15117 | Lair:6   | Gained mutation: Your pliable body absorbs attacks. (AC +2,
                  | EV +2) [Jiyva's grace]
 15117 | Lair:6   | Gained mutation: Your gelatinous body deflects attacks. (AC
                  | +3, EV +3) [Jiyva's grace]
 15124 | Volcano  | Entered a volcano
 15307 | Volcano  | Found a burning altar of Makhleb.
 15320 | Volcano  | Reached skill level 5 in Dodging
 15326 | Volcano  | Reached skill level 1 in Unarmed Combat
 15401 | Volcano  | Identified the +2 pair of boots "Irucharu" {*Slow +Blink
                  | rN+++ Stlth-}
 15414 | Volcano  | Noticed a stone giant
 15531 | Lair:6   | Reached XP level 15. HP: 55/136 MP: 0/0
 15531 | Lair:6   | Learned a level 6 spell: Iron Shot
 16883 | D:12     | Noticed noodleboyJ's ghost (journeyman DrMo)
 16918 | D:12     | Found a staircase to the Orcish Mines.
 16955 | D:12     | Lost mutation: You are very robust. (+20% HP) [Jiyva's
                  | grace]
 16955 | D:12     | Lost mutation: Your body has grown many eyes which may
                  | confuse attackers. (Acc +5) [Jiyva's grace]
 16955 | D:12     | Lost mutation: You have a small jelly attached to you that
                  | senses nearby items. [Jiyva's grace]
 16955 | D:12     | Gained mutation: You are partially covered in large bone
                  | plates. (SH +4) [Jiyva's grace]
 16955 | D:12     | Gained mutation: You are mostly covered in large bone
                  | plates. (SH +6) [Jiyva's grace]
 16955 | D:12     | Gained mutation: You are completely covered in large bone
                  | plates. (SH +8) [Jiyva's grace]
 16955 | D:12     | Gained mutation: You are covered in slimy tendrils that may
                  | disarm your opponents. [Jiyva's grace]
 17003 | D:12     | Noticed Azrael
 17026 | D:12     | Killed Azrael
 18358 | Orc:1    | Entered Level 1 of the Orcish Mines
 18395 | Orc:1    | Noticed Erica
 18414 | Orc:1    | Killed Erica
 18415 | Orc:1    | Reached skill level 16 in Spellcasting
 18515 | Orc:1    | Lost mutation: You have very sharp teeth. [Jiyva's grace]
 18515 | Orc:1    | Lost mutation: You are completely covered in large bone
                  | plates. (SH +8) [Jiyva's grace]
 18515 | Orc:1    | Lost mutation: You are somewhat resistant to both further
                  | mutation and mutation removal. [Jiyva's grace]
 18515 | Orc:1    | Lost mutation: You are robust. (+10% HP) [Jiyva's grace]
 18515 | Orc:1    | Gained mutation: You have sharp fingernails. [Jiyva's
                  | grace]
 18515 | Orc:1    | Gained mutation: You have very sharp fingernails. [Jiyva's
                  | grace]
 18515 | Orc:1    | Gained mutation: You have claws for hands. [Jiyva's grace]
 18515 | Orc:1    | Gained mutation: You have acidic saliva. [Jiyva's grace]
 18780 | Orc:2    | Entered Level 2 of the Orcish Mines
 18809 | Orc:2    | Reached skill level 1 in Armour
 18881 | Orc:2    | Found a staircase to the Elven Halls.
 19214 | Orc:2    | Found Othrodynn's Weapon Emporium.
 19217 | Orc:2    | Found Qinalyen's Assorted Antiques.
 19267 | Orc:2    | Found Itsa's Distillery.
 19272 | Orc:2    | Found Gishrum's Armour Shoppe.
 19274 | Orc:2    | Reached XP level 16. HP: 120/123 MP: 0/0
 19291 | Orc:2    | Found a flickering gateway to a bazaar.
 19300 | Bazaar   | Entered a bazaar
 19300 | Bazaar   | Found Tiuh's General Store.
 19300 | Bazaar   | Found Qady's Assorted Antiques.
 19303 | Bazaar   | Found Xigaol's Assorted Antiques.
 19324 | Bazaar   | Found Voidurph's Magic Scroll Shoppe.
 19360 | Bazaar   | Found Ysage's General Store.
 19395 | Bazaar   | Bought a +1 robe of willpower for 190 gold pieces
 19408 | Bazaar   | Bought a tin of tremorstones (2/2) for 880 gold pieces
 19408 | Bazaar   | Bought a wand of acid (5) for 176 gold pieces
 19413 | Bazaar   | Bought a white potion for 16 gold pieces
 19413 | Bazaar   | Bought a green potion for 16 gold pieces
 19421 | Bazaar   | Bought a green potion for 19 gold pieces
 19421 | Bazaar   | Bought a scroll of identify for 44 gold pieces
 19421 | Bazaar   | Bought a scroll labelled ONASAS EFOBUKK for 22 gold pieces
 19527 | Orc:2    | Bought a potion of mutation for 96 gold pieces
 19542 | Orc:2    | Bought an orange potion for 28 gold pieces
 19542 | Orc:2    | Bought a scroll of fog for 64 gold pieces
 20212 | D:14     | Found a gate to the Vaults.
 20437 | D:14     | Found an ornate altar of the Wu Jian Council.
 20537 | D:14     | Lost mutation: You have claws for hands. [Jiyva's grace]
 20537 | D:14     | Lost mutation: You have very sharp fingernails. [Jiyva's
                  | grace]
 20537 | D:14     | Lost mutation: You are mostly covered in large bone plates.
                  | (SH +6) [Jiyva's grace]
 20537 | D:14     | Lost mutation: You are covered in fur. (AC +1) [Jiyva's
                  | grace]
 20537 | D:14     | Lost mutation: Your gelatinous body deflects attacks. (AC
                  | +3, EV +3) [Jiyva's grace]
 20537 | D:14     | Gained mutation: You are partially covered in iridescent
                  | scales. (AC +2) [Jiyva's grace]
 20537 | D:14     | Gained mutation: You are mostly covered in iridescent
                  | scales. (AC +4) [Jiyva's grace]
 20537 | D:14     | Gained mutation: You are completely covered in iridescent
                  | scales. (AC +6) [Jiyva's grace]
 20537 | D:14     | Gained mutation: You are robust. (+10% HP) [Jiyva's grace]
 20559 | D:14     | Reached skill level 15 in Fighting
 20586 | D:14     | Noticed Frances
 20590 | D:14     | Killed Frances
 20778 | D:15     | Entered Level 15 of the Dungeon
 20785 | D:15     | Noticed Jorgrun
 20908 | D:15     | Killed Jorgrun
 21089 | D:15     | Identified Roxanne's Disquisition on the Rocks
 21089 | D:15     | Noticed Roxanne
 21133 | D:15     | Killed Roxanne
 21225 | D:15     | Found a frozen archway.
 21293 | IceCv    | Entered an ice cave
 21452 | IceCv    | Noticed a white draconian knight
 21467 | IceCv    | Killed a white draconian knight
 21469 | IceCv    | Reached skill level 17 in Spellcasting
 21512 | IceCv    | Identified the ring of Wokloam {*Corrode rN+ Will- Int+5
                  | Dex+8}
 22140 | D:15     | Noticed Louise
 22158 | D:15     | Slain by Louise

Illustrated notes

Levels and vault maps discovered:
D:1:      saegor_arrival_under_anarchy, layout_loops_ring, serial_shops,
          nicolae_shop_trees, minmay_indecisive_spiral
D:2:      layout_basic, hellmonk_ecumenical_altar_watching_god
D:3:      layout_basic, slow_altar_2, saegor_snake_ambush
D:4:      layout_loops_cross, ebering_ghost_sewer_d
D:5:      layout_basic, minmay_temple_entry_slanted, hangedman_decor_lopped
D:6:      gammafunk_steamed_eel, layout_cave_pods, kennysheep_diamond,
          uniq_sigmund, uniq_edmund, uniq_blork_the_orc
D:7:      layout_rooms
D:8:      layout_loops_corners
D:9:      layout_roguey, enter_bailey_3, guppyfry_shop_venom
D:10:     layout_basic, grunt_lair_entry_orc_guard_hut, serial_shops,
          nicolae_square_shop, hellmonk_guarded_unrand_vines
D:11:     minmay_separated_statues, layout_rooms, uniq_urug, uniq_fannar
D:12:     layout_cave_pools, orc_0_dummy, hellmonk_ghost_big_iron, uniq_azrael
D:13:     layout_grid_maze
D:14:     layout_grid_maze, grunt_vaults_entry_fortified,
          nicolae_wu_jian_immortal_techniques, uniq_frances
D:15:     grunt_enter_depths_magical_seal, layout_loops_ring,
          portal_ice_cave_entry_ice_simulacra, uniq_roxanne, uniq_jorgrun,
          uniq_louise
Lair:1:   layout_small_grid, serial_bayou_shore_b, infiniplex_staircase_pool,
          serial_bayou_shore_a
Lair:2:   layout_loops_ring, nicolae_lair_grove_arrangements, grunt_megastairs_4
Lair:3:   layout_cave_pods, minmay_shoals_entry_centaurs,
          spider_nest_entry_rubble, nicolae_quartered_pool_impasse,
          uniq_nergalle
Lair:4:   layout_loops_ring, beast_lair_carwin_10, uniq_rupert
Lair:5:   layout_roguey, slime_altar_1, uniq_snorg
Lair:6:   minmay_lair_end_enchanted_forest, layout_cave_pods, enter_volcano_1
Orc:1:    layout_caves, nicolae_orc_lost_temple, uniq_erica
Orc:2:    st_orc_open, layout_diamond_mine, serial_shops, bzr_firewalk,
          minmay_orc_temple_a

Skill      XL: |  1  2  3  4  5  6  7  8  9 10 11 12 13 14 15 16 |
---------------+-------------------------------------------------+-----
Fighting       | 1 2 3 4 6 7 8 9 11 12 13 14 15 | 15.0
Spellcasting   | 3 4 5 6 8 9 11 12 14 15 16 17 | 17.0
Dodging        | 3 4 5 7 |  7.0
Evocations     | 5 7 8 9 |  9.0
Stealth        | 3 4 |  4.0
Long Blades    | 2 |  2.0
Unarmed Combat | 1 |  1.0
Armour         | 3 |  3.0

Action                   |  1- 3 |  4- 6 |  7- 9 | 10-12 | 13-15 | 16-18 || total
-------------------------+-------+-------+-------+-------+-------+-------++-------
Melee: Falchion          |       |       |     7 |       |       |       ||     7
       Double sword      |       |       |       |    21 |   166 |    10 ||   197
       Bite              |       |       |       |     5 |    32 |     2 ||    39
       Unarmed           |       |       |       |       |    54 |       ||    54
       Punch             |       |       |       |       |     4 |       ||     4
 Cast: Foxfire           |    92 |    84 |    69 |   223 |   199 |     7 ||   674
       Scorch            |     5 |    28 |    72 |   172 |   185 |     4 ||   466
       Inner Flame       |       |       |     6 |    16 |    32 |     8 ||    62
       Sting             |       |       |     1 |       |       |       ||     1
       Blink             |       |       |     4 |     4 |    14 |     2 ||    24
       Flame Wave        |       |       |     1 |     3 |     6 |       ||    10
       Freezing Cloud    |       |       |       |     7 |    16 |     1 ||    24
       Blade Hands       |       |       |       |       |     6 |     1 ||     7
       Teleport Other    |       |       |       |       |     2 |     1 ||     3
       Iron Shot         |       |       |       |       |   115 |   151 ||   266
Evoke: Wand              |       |       |       |     5 |     3 |       ||     8
       Tin of tremorston |       |       |       |       |       |     1 ||     1
  Use: Scroll            |       |     1 |       |     2 |    17 |     4 ||    24
 Stab: Confused          |       |       |       |       |     5 |       ||     5
       Sleeping          |       |       |       |       |     2 |       ||     2
       Distracted        |       |       |       |       |       |     1 ||     1
Armor: Robe              |    12 |    31 |    17 |    41 |       |     7 ||   108
       Troll leather arm |       |       |       |    32 |       |       ||    32
       Leather armour    |       |       |       |    63 |   313 |    19 ||   395
Dodge: Dodged            |    12 |    53 |    73 |   408 |   631 |    43 ||  1220
Block: Other             |       |       |       |       |    31 |    10 ||    41

Table legend: (Time is in decaauts)
 A = Elapsed time spent in this place.
 B = Non-inter-level travel time spent in this place.
 C = Inter-level travel time spent in this place.
 D = Time resting spent in this place.
 E = Time spent auto-exploring this place.
 F = Levels seen in this place.
 G = Mean time per level.
                   A        B        C        D        E       F      G
               +--------+--------+--------+--------+--------+-----+--------+
         Total |  22284 |  21103 |   1181 |    158 |  15057 |  27 |  825.3 |
       Dungeon |  13078 |  12284 |    794 |    112 |   9574 |  15 |  871.9 |
          Lair |   6498 |   6217 |    281 |     12 |   4316 |   6 | 1083.0 |
  Orcish Mines |   1428 |   1323 |    105 |      0 |    685 |   2 |  714.0 |
        Bazaar |    197 |    197 |      0 |      0 |     64 |   1 |  197.0 |
        Bailey |    258 |    258 |      0 |      0 |    121 |   1 |  258.0 |
      Ice Cave |    450 |    450 |      0 |      0 |    222 |   1 |  450.0 |
       Volcano |    371 |    371 |      0 |     34 |     75 |   1 |  371.0 |
               +--------+--------+--------+--------+--------+-----+--------+

Top non-repeatable levels by time:
     D:1: 1543 daAuts
  Lair:6: 1273 daAuts
  Lair:5: 1136 daAuts
  Lair:1: 1129 daAuts
  Lair:4: 1123 daAuts
  Lair:3: 1121 daAuts
     D:6: 1043 daAuts
    D:13: 1015 daAuts
    D:10: 962 daAuts
   Orc:2: 954 daAuts
    D:14: 954 daAuts
     D:8: 903 daAuts
     D:2: 887 daAuts
     D:5: 874 daAuts
     D:3: 864 daAuts
